 Dungeon Crawl Stone Soup version 0.17-a0-877-ga10078a (webtiles) character file.

79 hornqvist the Sneak (level 4, -6/30 HPs)
             Began as an Octopode Assassin on Apr 30, 2015.
             Killed by divine providence
             ... invoked by an orc priest
              (15 damage)
             ... on level 3 of the Dungeon.
             The game lasted 00:01:42 (1998 turns).

hornqvist the Sneak (Octopode Assassin)             Turns: 1998, Time: 00:01:43

Health: -6/30      AC:  1    Str: 11    XL:     4   Next: 37%
Magic:  4/4        EV: 12    Int: 13    God:
Gold:   170        SH:  0    Dex: 13    Spells: 0 memorised, 3 levels left

rFire  . . .     SeeInvis .     m - +0 dagger (venom)
rCold  . . .     Clarity  .     (no shield)
rNeg   . . .     SustAb   .     (helmet restricted)
rPois  .         Gourm    .     (no amulet)
rElec  .         Spirit   .     (no ring)
rCorr  .         Warding  .     (no ring)
rMut   .         Stasis   .     (no ring)
MR     .....                    (no ring)
Stlth  +++++.....               (no ring)
                                (no ring)
                                (no ring)
                                (no ring)

@: not resistant to hostile enchantments, quite stealthy
A: almost no armour, amphibious, 8 rings, constrict 8, camouflage 1, gelatinous
body 1
a: no special abilities


You were on level 3 of the Dungeon.
You were not hungry.

You visited 1 branch of the dungeon, and saw 3 of its levels.

You collected 170 gold pieces.

Inventory:

Hand weapons
 a - a +2 dagger
 b - a +0 blowgun
 m - a +0 dagger of venom (weapon)
Missiles
 c - 20 poisoned needles
 d - 2 curare-tipped needles
Jewellery
 s - an uncursed ring of teleport control {unknown}
Magical devices
 t - a wand of paralysis (11)
Scrolls
 f - 2 scrolls of blinking {unknown}
 g - a scroll of magic mapping {unknown}
 i - 2 scrolls of identify {unknown}
 k - a scroll of fog {unknown}
 p - 2 scrolls of remove curse {unknown}
 q - a scroll of fear {unknown}
 r - a scroll of teleportation {unknown}
 u - a scroll of recharging {unknown}
Potions
 h - a potion of lignification {unknown}
 j - 3 potions of curing {unknown}
 o - a potion of poison {unknown}
Comestibles
 e - 3 bread rations
 l - a meat ration
 n - a beef jerky
 v - a royal jelly


   Skills:
 + Level 2.7 Fighting
 - Level 2.0 Throwing
 + Level 1.9 Dodging
 * Level 6.9 Stealth


You had 3 spell levels left.
You didn't know any spells.

Dungeon Overview and Level Annotations

Branches:
Dungeon (3/15)

Altars:


Innate Abilities, Weirdness & Mutations

You cannot wear most types of armour.
You are amphibious.
You can wear up to eight rings at the same time.
You can use your tentacles to constrict eight enemies at once.
Your skin changes colour to match your surroundings (Stealth).
Your rubbery body absorbs attacks (AC +1).


Message History

You closely miss the orc wizard. Your grab misses the orc wizard.
The orc wizard casts a spell.
You feel troubled. The orc barely misses you.
An orc priest comes into view.
You barely miss the orc wizard. Your grab misses the orc wizard.
You barely miss the orc. Your grab misses the orc. You squeeze the orc.
The orc barely misses you. The orc misses you.
You hit the orc. Your grab misses the orc. The orc barely misses you.
The orc wizard barely misses you. The orc hits you with a flail!
The orc closely misses you.
You take 7 damage, and have 17/30 hp.
MASSIVE DAMAGE!!
You closely miss the orc. You grab the orc. You squeeze the orc.
You constrict the orc, but do no damage.
The orc wizard hits you with a dagger. The orc hits you with a short sword!
* * * LOW HITPOINT WARNING * * *
The orc closely misses you.
The orc priest calls down the wrath of Beogh upon you.
Something smites you!
Ouch! That really hurt!
You die...

#.#.....#####.....
#.#.###...#...#...
.....####.#.#..... #.#..#
#...#.###. #.#..#
##.##..... # ##.#..#
#....###. #.#..#..#
####.# #. #####..oo...##
#.# #. ......o.@....#
#####.###.
#####..oo##((###.........
#>#.###..........###. #
#. #.####.#######. .. #.#
#......... ..# ..#
#..####### .[. #### ##..#
###.#######>..#
..........#.#


You could see an orc priest, an orc wizard and 3 orcs.

Vanquished Creatures
  3 adders (D:2)
  An ooze (D:1)
  3 giant geckos (D:2)
  8 hobgoblins
  3 jackals (D:2)
  3 kobolds
  A quokka (D:2)
  A ball python (D:1)
  7 bats
  A giant cockroach (D:1)
  3 giant newts (D:2)
  6 goblins
  5 rats
45 creatures vanquished.

Notes
Turn   | Place    | Note
--------------------------------------------------------------
     0 | D:1      | hornqvist, the Octopode Assassin, began the quest for the Orb.
     0 | D:1      | Reached XP level 1. HP: 14/14 MP: 1/1
    99 | D:1      | Reached XP level 2. HP: 10/19 MP: 2/2
   594 | D:2      | Reached skill level 6 in Stealth
   612 | D:2      | Reached XP level 3. HP: 25/25 MP: 3/3
  1232 | D:2      | Reached XP level 4. HP: 27/30 MP: 4/4
  1998 | D:3      | Killed from afar by an orc priest

Action                   |  1- 3 |  4- 6 || total
-------------------------+-------+-------++-------
Melee: Dagger            |    51 |    25 ||    76
 Fire: Blowgun           |     1 |       ||     1
 Stab: Sleeping          |    14 |     1 ||    15
  Eat: Chunk             |     1 |     2 ||     3
